 Dungeon Crawl Stone Soup version 0.28.0-43-g3370ac3207 (webtiles) character file.

Game seed: 13623662392167200205

0 Arcadio the Caller (level 1, 0/10 HPs)
             Began as a Tengu Summoner on Mar 10, 2022.
             Slain by a quokka (4 damage)
             ... on level 1 of the Dungeon.
             The game lasted 00:00:46 (41 turns).

Arcadio the Caller (Tengu Summoner)                   Turns: 41, Time: 00:00:48

Health: 0/10       AC:  2    Str:  8    XL:     1   Next: 10%
Magic:  0/4        EV: 12    Int: 15    God:
Gold:   0          SH:  0    Dex: 14    Spells: 3/4 levels left

rFire   . . .      SeeInvis .   (no weapon)
rCold   . . .      Faith    .   (no shield)
rNeg    . . .      Spirit   .   a - +0 robe
rPois   .          Reflect  .   (helmet restricted)
rElec   .          Harm     .   (no cloak)
rCorr   .          Rampage  .   (no gloves)
Will    .....                   (boots unavailable)
Stlth   ++........              (no amulet)
HPRegen 0.03/turn               (no ring)
MPRegen 0.09/turn               (no ring)

@: no status effects
A: beak, talons 3
a: no special abilities


You were on level 1 of the Dungeon.
You visited 1 branch of the dungeon, and saw 1 of its levels.

Inventory:

Armour
 a - a +0 robe (worn)


   Skills:
 + Level 2.2 Dodging
 - Level 2.0 Stealth
 + Level 2.0 Spellcasting
 + Level 4.8 Summonings


You had 3 spell levels left.
You knew the following spells:

 Your Spells              Type           Power      Damage    Failure   Level
a - Summon Small Mammal   Summ           64%        N/A       3%          1

Your spell library contained the following spells:

 Spells                   Type           Power      Damage    Failure   Level
 Call Imp                 Summ           16%        N/A       4%          2
 Call Canine Familiar     Summ           16%        N/A       9%          3
 Summon Guardian Golem    Hex/Summ       8%         N/A       24%         3
 Summon Lightning Spire   Summ/Air       8%         N/A       63%         4


Dungeon Overview and Level Annotations

Branches:
Dungeon (1/15)

Altars:


Innate Abilities, Weirdness & Mutations

You have a beak for a mouth.
You have claws for feet.


Message History

Your bat disappears in a puff of smoke!
Magic restored.
Found 19 arrows.
A bat, a quokka and a goblin come into view.
The goblin shouts!
You hear a shout!
Casting: Summon Small Mammal (safe; 3% risk of failure)
Confirm with . or Enter, or press ? or * to list all spells.
You miscast Summon Small Mammal.
You are very lightly contaminated with residual magic.
Nothing appears to happen.
The bat barely misses you.
Casting: Summon Small Mammal (safe; 3% risk of failure)
Confirm with . or Enter, or press ? or * to list all spells.
The bat hits you.
Your bat closely misses the bat.
The bat barely misses your bat.
Your rat barely misses the bat.
Your bat barely misses the bat.
The bat closely misses your bat.
Your bat closely misses the bat.
The bat hits your rat but does no damage.
Your bat closely misses the goblin.
The goblin closely misses your bat.
Your rat barely misses the bat.
Your bat closely misses the goblin.
The bat barely misses your rat.
A kobold comes into view. It is wielding a +0 whip.
Your rat misses the bat. Your bat hits the bat. The bat hits your rat. x2
Your rat dies!
Your rat's corpse disappears in a puff of smoke!
Casting: Summon Small Mammal (safe; 3% risk of failure)
Confirm with . or Enter, or press ? or * to list all spells.
Your bat hits the bat. The goblin hits you with a +0 club.
Your magical contamination has completely faded away.
The bat barely misses your quokka.
Your quokka closely misses the quokka.
Your bat barely misses the bat.
The quokka barely misses you.
Casting: Summon Small Mammal (safe; 3% risk of failure)
Confirm with . or Enter, or press ? or * to list all spells.
Your bat disappears in a puff of smoke!
The bat barely misses your quokka.
The bat hits your quokka but does no damage.
The goblin hits you with a +0 club. The bat hits your quokka.
Your quokka barely misses the quokka.
The quokka bites you.
You die...

#.........#..
...##. ........
...#..##..#..#...
.........K....#
#.......#
#....§..#
#.≈≈.b..#
#.≈≈.rrg#
#.....@##
#.####.# # #..b.#
#.<.## #...#
#####


You could see a quokka, a goblin (ally target), a bat, a kobold, a friendly
quokka (summoned) and a friendly bat (summoned).

Vanquished Creatures (collateral kills)
  A frilled lizard (D:1)
1 creature vanquished.

Notes
Turn   | Place    | Note
-------+----------+-------------------------------------------
     0 | D:1      | Arcadio the Tengu Summoner began the quest for the Orb.
     0 | D:1      | Reached XP level 1. HP: 10/10 MP: 4/4
    41 | D:1      | Slain by a quokka

Illustrated notes

Levels and vault maps discovered:
D:1:      amcnicky_arrival_single_pillar, layout_rooms,
          shapermc_ecumenical_altar_ellora, kennysheep_another_room

Action                   || total
-------------------------++-------
 Cast: Summon Small Mamm ||     5
Dodge: Dodged            ||     2
